 Dungeon Crawl Stone Soup version 0.21.1-1-g345015f (webtiles) character file.

95 shakethe the Shield-Bearer (level 4, 0/24 HPs)
             Began as a Vine Stalker Fighter on Feb 22, 2018.
             Slain by an orc
             ... wielding a +0 mace
              (4 damage)
             ... on level 2 of the Dungeon.
             The game lasted 00:03:06 (1724 turns).

shakethe the Shield-Bearer (Vine Stalker Fighter)   Turns: 1724, Time: 00:03:06

Health: 0/24       AC:  6    Str: 24    XL:     4   Next: 65%
Magic:  0/5        EV:  7    Int:  9    God:
Gold:   97         SH: 10    Dex: 13    Spells: 3/3 levels left

rFire    . . .     SeeInvis .   a - +0 rapier
rCold    . . .     Gourm    .   c - +0 shield
rNeg     . . .     Faith    .   b - +0 scale mail
rPois    .         Spirit   +   (no helmet)
rElec    .         Reflect  .   (no cloak)
rCorr    .         Harm     .   (no gloves)
MR       .....                  (no boots)
Stlth    ..........             (no amulet)
HPRegen  0.48/turn              (no ring)
MPRegen  0.09/turn              (no ring)

@: mighty, lethally poisoned (0 -> 0)
A: fangs 2, regeneration 1, magic shield, antimagic bite, no potion heal 3, rot
immunity
a: no special abilities


You were on level 2 of the Dungeon.
You were not hungry.

You visited 1 branch of the dungeon, and saw 3 of its levels.

You collected 97 gold pieces.

Inventory:

Hand Weapons
 a - a +0 rapier (weapon)
Missiles
 h - 6 curare-tipped needles
Armour
 b - a +0 scale mail (worn)
 c - a +0 shield (worn)
Scrolls
 e - a scroll of noise {unknown}
 i - a scroll of magic mapping {unknown}
 j - 4 scrolls of teleportation {unknown}
 k - a scroll of enchant armour {unknown}
 l - 2 scrolls of identify {unknown}
 o - a scroll of amnesia {unknown}
Potions
 g - a potion of agility {unknown}
 m - a potion of curing {unknown}
Comestibles
 f - 2 rations


   Skills:
 + Level 3.3 Fighting
 + Level 2.6 Short Blades
 + Level 3.0 Armour
 + Level 3.3 Shields


You had 3 spell levels left.
You didn't know any spells.

Dungeon Overview and Level Annotations

Branches:
Dungeon (3/15)

Altars:


Innate Abilities, Weirdness & Mutations

You have extremely sharp teeth.
Your natural rate of healing is unusually fast.
When hurt, damage is shared between your health and your magic reserves.
Your bite disrupts and absorbs the magic of your enemies.
Potions cannot restore your health.
You are immune to rotting.


Message History

You open the door.
There is an open door here.
Found a stone staircase leading down.
Health restored: 24 You open the door.
There is an open door here.
There is a stone staircase leading down here.
You open the door.
There is an open door here.
You now have 97 gold pieces (gained 10).
All of the chunks of flesh in your inventory have rotted away.
There is an open door here.
You open the door.
There is an open door here.
A rat comes into view.
The rat bites you.
You take 2 damage, and have 22/24 hp.
You hit the rat. Your bite misses the rat.
The rat bites you but does no damage.
You hit the rat.
You kill the rat!
You see here a rat corpse.
Health restored: 24 You butcher the rat corpse.
n - a chunk of flesh {@w0@w0}
There is an open door here.
There is a stone staircase leading down here.
There is an open door here.
There is an open door here.
There is an open door here.
Eating a chunk of flesh {@w0@w0}.
You eat the chunk of flesh {@w0@w0}.
Done exploring.
Done exploring.
Done exploring.
(D) Dungeon
Where to? (Enter - D:2, ? - help)
There is a stone staircase leading down here.
You climb downwards.
A goblin and an orc come into view.
The goblin shouts!
The orc shouts!
There is a stone staircase leading up here.
A frilled lizard and a hobgoblin come into view.
The frilled lizard hisses angrily.
The hobgoblin shouts!
The hobgoblin moves out of view.
You closely miss the goblin.
You kill the goblin!
Your Armour skill increases to level 3!
A worker ant comes into view.
The worker ant twitches its antennae in your direction.
You puncture the hobgoblin!
You kill the hobgoblin!
An orc comes into view. It is wielding a mace.
You hit the frilled lizard.
You kill the frilled lizard!
You hit the orc. Your bite misses the orc. The orc hits you but does no damage.
You hit the orc but do no damage. You bite the orc. You drain its power.
You block the orc's attack.
The worker ant waves its antennae.
An adder comes into view.
You barely miss the orc.
The adder hisses angrily.
The orc hits you but does no damage. The worker ant barely misses you.
A giant cockroach comes into view.
You hit the orc.
You kill the orc!
The worker ant bites you. x2
You take 3 damage, and have 21/24 hp.
You now have 4/5 mp.
You hit the worker ant but do no damage.
You bite the worker ant, but do no damage.
The worker ant bites you but does no damage.
You hit the worker ant. Your bite misses the worker ant.
You block the worker ant's attack. The orc hits you with a mace.
You take 3 damage, and have 19/24 hp.
You now have 3/5 mp.
You closely miss the worker ant. Your bite misses the worker ant.
You block the worker ant's attack. The adder completely misses you.
The orc hits you with a mace. The adder bites you but does no damage.
You block the worker ant's attack.
You hit the worker ant but do no damage.
You block the adder's attack. The worker ant bites you.
The orc hits you with a mace.
You take 6 damage, and have 13/24 hp.
MASSIVE DAMAGE!!
You now have 2/5 mp.
The orc hits you with a mace. The adder bites you.
You take 3 damage, and have 10/24 hp.
You now have 1/5 mp.
You block the worker ant's attack.
There is a stone staircase leading up here.
The orc hits you but does no damage. You block the worker ant's attack.
You climb upwards.
There is a stone staircase leading down here.
You feel very mighty all of a sudden. The worker ant bites you.
You are poisoned.
The worker ant poisons you! The orc hits you with a mace.
* * * LOW HITPOINT WARNING * * *
You take 6 damage, and have 5/24 hp.
MASSIVE DAMAGE!!
You hit the worker ant. Your bite misses the worker ant.
You feel sick. You block the worker ant's attack. The orc hits you with a mace.
You die...

..####....##########...####......
..'.......................'......
..####....##########...####......
.###.##.#.# #.......# ##.....
###.#.....# #.###.#.# ##.... #
##.###### #.# #.#.# ##... #.# #.#
#.#.# ##'# #.# #o# #.#.# #.# #.#
#@###.#.# ##.# #.# #.a...(.# #...
####.###############.#########...
.....................# #.........
.....###############.###.###.#...
###### #.......#.#...
#####.#.#.#### #.........
##########


You could see a worker ant and an orc.

Vanquished Creatures
  4 adders (D:2)
  2 oozes (D:1)
  A worm (D:2)
  A dart slug (D:2)
  A leopard gecko (D:2)
  An orc (D:3)
  5 bats
  3 giant cockroaches
  4 goblins
  5 hobgoblins
  A quokka (D:2)
  4 frilled lizards
  6 kobolds
  6 rats
44 creatures vanquished.

Notes
Turn   | Place    | Note
-------+----------+-------------------------------------------
     0 | D:1      | shakethe the Vine Stalker Fighter began the quest for the Orb.
     0 | D:1      | Reached XP level 1. HP: 11/11 MP: 2/2
   129 | D:1      | Reached XP level 2. HP: 12/16 MP: 3/3
   130 | D:1      | Reached skill level 2 in Short Blades
   256 | D:1      | Reached skill level 3 in Fighting
   262 | D:1      | Reached skill level 3 in Shields
   298 | D:1      | Reached XP level 3. HP: 20/20 MP: 4/4
  1076 | D:2      | Gained mutation: Your natural rate of healing is unusually fast. [Vine Stalker growth]
  1076 | D:2      | Reached XP level 4. HP: 24/24 MP: 5/5
  1707 | D:3      | Reached skill level 3 in Armour
  1723 | D:2      | HP: 5/24 [orc/mace (4)]
  1724 | D:2      | Slain by an orc

Skill      XL: |  1  2  3  4 |
---------------+-------------+-----
Short Blades   | 2 |  2.6
Fighting       | 3 |  3.3
Shields        | 3 |  3.3
Armour         | 3 |  3.0

Action                   |  1- 3 |  4- 6 || total
-------------------------+-------+-------++-------
Melee: Rapier            |    73 |    47 ||   120
       Bite              |    10 |    11 ||    21
  Use: Potion            |       |     1 ||     1
  Eat: Chunk             |     1 |     2 ||     3
Armor: Scale mail        |    23 |    22 ||    45
Dodge: Dodged            |    24 |    11 ||    35
Block: Shield            |    44 |    20 ||    64

Vault maps used:
D:1:      dpeg_arrival_chase
D:2:      kennysheep_generic_room_15
D:3:      lemuel_doored_altar, nicolae_overflow_hidden_temple,
          nicolae_gozag_seed_capital, first_ration, uniq_sigmund

Table legend:
 A = Turns spent in this place as a percentage of turns spent in the entire game.
 B = Non-inter-level travel turns spent in this place as a percentage of non-inter-level travel turns spent in the entire game.
 C = Inter-level travel turns spent in this place as a percentage of turns spent in this place.
 D = Turns resting spent in this place as a percentage of non-inter-level travel turns spent in this place.
 E = Turns spent auto-exploring this place as a percentage of non-inter-level travel turns spent in this place.
 F = Non-inter-level travel turns spent in this place divided by the number of levels of this place that you've seen.
                   A       B       C       D       E      F
               +-------+-------+-------+-------+-------+----------------------
         Total | 100.0 | 100.0 |   7.4 |   0.0 |  73.3 | 532.3
       Dungeon | 100.0 | 100.0 |   7.4 |   0.0 |  73.3 | 532.3
               +-------+-------+-------+-------+-------+----------------------

Table legend:
 A = Kills in this place as a percentage of kills in entire the game.
 B = Kills by you in this place as a percentage of kills by you in the entire game.
 C = Kills by friends in this place as a percentage of kills by friends in the entire game.
 D = Other kills in this place as a percentage of other kills in the entire game.
 E = Experience gained in this place as a percentage of experience gained in the entire game.
 F = Experience gained in this place divided by the number of levels of this place that you have seen.
                   A       B       C       D       E      F
               +-------+-------+-------+-------+-------+----------------------
         Total | 100.0 | 100.0 |   N/A |   N/A | 100.0 |  45.3
       Dungeon | 100.0 | 100.0 |   N/A |   N/A | 100.0 |  45.3
               +-------+-------+-------+-------+-------+----------------------
